| TOP OF THE 1ST |
|
Lowell Spinners batting - Pitching for Tri-City ValleyCats : RHP Adam Behrens
|
|
Pitching: RHP Adam Behrens
|
|
|
Batting: RHB Larry Brocato
|
0-0: Called Strike 0-1: Ground out 6-3 (Groundball, 6M, EV 95.6 MPH)
|
|
Batting: RHB Billy Ratz
|
0-0: Ball 1-0: DOUBLE (Line Drive, 3D, EV 96.9 MPH)
|
|
Batting: LHB Sergio Tinoco
|
0-0: Ball 1-0: Ball 2-0: Ball 3-0: Base on Balls
|
|
Batting: LHB Nelis Geurts
|
0-0: Ball 1-0: Foul Ball, location: 2F 1-1: Fielders Choice at 2nd, 3-6 (Groundball, 13, EV 86.2 MPH) Billy Ratz to third
|
|
Batting: RHB William Lung
|
0-0: Called Strike 0-1: Ball Nelis Geurts steals 2nd base 1-1: Ground out 4-3 (Groundball, 4, EV 100.6 MPH)
|
| Top of the 1st over - 0 runs, 1 hit, 0 errors, 2 left on base; Lowell 0 - Tri-City 0 |
| BOTTOM OF THE 1ST |
|
Tri-City ValleyCats batting - Pitching for Lowell Spinners : RHP Jon Olivo
|
|
Pitching: RHP Jon Olivo
|
|
|
Batting: RHB Justin Olmstead
|
0-0: Foul Ball, location: 2F 0-1: Foul Ball, location: 2F 0-2: SINGLE (Groundball, 56S, EV 68.1 MPH) (infield hit)
|
|
Pinch Runner at 1st Jorge Gutierrez:
|
|
|
Batting: SHB Paskar Adegoke
|
0-0: Called Strike 0-1: Grounds into double play, 6-4-3 (Groundball, 6MS, EV 80.6 MPH)
|
|
Batting: LHB Vinny Siebecker
|
0-0: Fly out, F9 (Flyball, 89M, EV 98.1 MPH)
|
| Bottom of the 1st over - 0 runs, 1 hit, 0 errors, 0 left on base; Lowell 0 - Tri-City 0 |
| TOP OF THE 2ND |
|
Lowell Spinners batting - Pitching for Tri-City ValleyCats : RHP Adam Behrens
|
|
Now at 2B: Rob Baker
|
|
|
Batting: RHB Josh Helman
|
0-0: Fly out, F8 (Flyball, 8RD, EV 96.9 MPH)
|
|
Batting: RHB Bobby Schimke
|
0-0: Called Strike 0-1: Called Strike 0-2: Ball 1-2: Ball 2-2: Foul Ball, location: 2F 2-2: SINGLE (Flyball, 8LS, EV 95.6 MPH)
|
|
Batting: RHB Nick Ameen
|
0-0: Ground out 4-3 (Groundball, 34, EV 103.8 MPH) Bobby Schimke to second
|
|
Batting: SHB Jared Snyder
|
0-0: SINGLE (Groundball, 6MD, EV 108.8 MPH) Bobby Schimke to third Runner from 3rd tries for Home, throw by CF and OUT! 8-2
|
| Top of the 2nd over - 0 runs, 2 hits, 0 errors, 1 left on base; Lowell 0 - Tri-City 0 |
| BOTTOM OF THE 2ND |
|
Tri-City ValleyCats batting - Pitching for Lowell Spinners : RHP Jon Olivo
|
|
Batting: RHB Jordan Williams
|
0-0: Ball 1-0: Foul Ball, location: 2F 1-1: Foul Ball, location: 2F 1-2: Ball 2-2: Foul Ball, location: 2F 2-2: Ball 3-2: Base on Balls
|
|
Batting: RHB Ramon Castellon
|
0-0: Called Strike 0-1: Ball Jordan Williams steals 2nd base 1-1: Called Strike 1-2: Ball 2-2: Ball Wild Pitch! Jordan Williams to third 3-2: Strikes out swinging
|
|
Batting: LHB Jon Pope
|
0-0: Ball 1-0: Called Strike 1-1: Ball 2-1: SINGLE (Groundball, 4M, EV 102.5 MPH) Jordan Williams scores
|
|
Batting: RHB Evan Fry
|
0-0: Ball 1-0: Ball 2-0: Called Strike 2-1: Swinging Strike 2-2: Strikes out swinging
|
|
Batting: RHB Ruben Pujols
|
0-0: Called Strike Jon Pope is caught stealing 2nd base 2-4
|
| Bottom of the 2nd over - 1 run, 1 hit, 0 errors, 0 left on base; Lowell 0 - Tri-City 1 |
| TOP OF THE 3RD |
|
Lowell Spinners batting - Pitching for Tri-City ValleyCats : RHP Adam Behrens
|
|
Batting: RHB Larry Brocato
|
0-0: Ground out 3-1 (Groundball, 34S, EV 81.9 MPH)
|
|
Batting: RHB Billy Ratz
|
0-0: Called Strike 0-1: Ball 1-1: Ball 2-1: Foul Ball, location: 2F 2-2: Ground out 6-3 (Groundball, 56, EV 97.5 MPH)
|
|
Batting: LHB Sergio Tinoco
|
0-0: Called Strike 0-1: Ball 1-1: Ball 2-1: Ground out 6-3 (Groundball, 6, EV 85.0 MPH)
|
| Top of the 3rd over - 0 runs, 0 hits, 0 errors, 0 left on base; Lowell 0 - Tri-City 1 |
| BOTTOM OF THE 3RD |
|
Tri-City ValleyCats batting - Pitching for Lowell Spinners : RHP Jon Olivo
|
|
Batting: RHB Ruben Pujols
|
0-0: Ball 1-0: Ground out 6-3 (Groundball, 56, EV 81.2 MPH)
|
|
Batting: LHB Kyle Moore
|
0-0: Called Strike 0-1: Foul Ball, location: 2F 0-2: SINGLE (Groundball, 34D, EV 97.5 MPH)
|
|
Batting: RHB Rob Baker
|
0-0: Called Strike 0-1: Foul Ball, location: 2F 0-2: Fly out, F7 (Flyball, 78D, EV 101.9 MPH)
|
|
Batting: SHB Paskar Adegoke
|
0-0: Ball 1-0: Called Strike 1-1: Foul Ball, location: 2F 1-2: Ball 2-2: Ball 3-2: DOUBLE (Flyball, 89D, EV 106.2 MPH) Kyle Moore to third Kyle Moore scores
|
|
Batting: LHB Vinny Siebecker
|
0-0: Swinging Strike 0-1: Called Strike 0-2: Fly out, F8 (Flyball, 8LM, EV 79.4 MPH)
|
| Bottom of the 3rd over - 1 run, 2 hits, 0 errors, 1 left on base; Lowell 0 - Tri-City 2 |
| TOP OF THE 4TH |
|
Lowell Spinners batting - Pitching for Tri-City ValleyCats : RHP Adam Behrens
|
|
Batting: LHB Nelis Geurts
|
0-0: Ball 1-0: Ball 2-0: Foul Ball, location: 2F 2-1: Ball 3-1: Foul Ball, location: 2F 3-2: Base on Balls
|
|
Batting: RHB William Lung
|
0-0: Called Strike Balk! Nelis Geurts to second 0-1: Ground out 5-3 (Groundball, 5, EV 85.0 MPH)
|
|
Batting: RHB Josh Helman
|
0-0: DOUBLE (Flyball, 8LD, EV 89.4 MPH) Nelis Geurts scores
|
|
Batting: RHB Bobby Schimke
|
0-0: Called Strike 0-1: DOUBLE (Flyball, 8LD, EV 87.5 MPH) Josh Helman scores
|
|
Batting: RHB Nick Ameen
|
0-0: Ball 1-0: Foul Ball, location: 2F 1-1: Ground out 4-3 (Groundball, 4, EV 90.0 MPH) Bobby Schimke to third
|
|
Batting: SHB Jared Snyder
|
0-0: Foul Ball, location: 2F 0-1: Ball 1-1: Ball 2-1: SINGLE (Groundball, 56D, EV 106.9 MPH) Bobby Schimke scores
|
|
Batting: RHB Larry Brocato
|
0-0: Ball 1-0: Ball 2-0: Ball 3-0: Called Strike 3-1: Base on Balls Jared Snyder to second
|
|
Batting: RHB Billy Ratz
|
0-0: Called Strike 0-1: Ball 1-1: Ball 2-1: Swinging Strike 2-2: Strikes out swinging
|
| Top of the 4th over - 3 runs, 3 hits, 0 errors, 2 left on base; Lowell 3 - Tri-City 2 |
| BOTTOM OF THE 4TH |
|
Tri-City ValleyCats batting - Pitching for Lowell Spinners : RHP Jon Olivo
|
|
Batting: RHB Jordan Williams
|
0-0: Ball 1-0: Called Strike 1-1: Swinging Strike 1-2: Strikes out swinging
|
|
Batting: RHB Ramon Castellon
|
0-0: Called Strike 0-1: Ball 1-1: Ball 2-1: Swinging Strike 2-2: Foul Ball, location: 2F 2-2: Ball 3-2: Ground out 5-3 (Groundball, 56S, EV 92.5 MPH)
|
|
Batting: LHB Jon Pope
|
0-0: Ball 1-0: Swinging Strike 1-1: Swinging Strike 1-2: Ball 2-2: Ball 3-2: Base on Balls
|
|
Batting: RHB Evan Fry
|
0-0: Ball Jon Pope is caught stealing 2nd base 2-4
|
| Bottom of the 4th over - 0 runs, 0 hits, 0 errors, 0 left on base; Lowell 3 - Tri-City 2 |
| TOP OF THE 5TH |
|
Lowell Spinners batting - Pitching for Tri-City ValleyCats : RHP Adam Behrens
|
|
Batting: LHB Sergio Tinoco
|
0-0: Called Strike 0-1: Foul Ball, location: 2F 0-2: Strikes out swinging
|
|
Batting: LHB Nelis Geurts
|
0-0: Ball 1-0: TRIPLE (Flyball, 89XD, EV 88.8 MPH)
|
|
Batting: RHB William Lung
|
0-0: Ground out 6-3 (Groundball, 6, EV 101.2 MPH) Nelis Geurts scores
|
|
Batting: RHB Josh Helman
|
0-0: Ball 1-0: Called Strike 1-1: Ball 2-1: Called Strike 2-2: Foul Ball, location: 2F 2-2: Ball 3-2: DOUBLE (Line Drive, 89XD, EV 110.0 MPH)
|
|
Pitching: RHP Jon Davis
|
|
|
Batting: RHB Bobby Schimke
|
0-0: Ground out 1-3 (Groundball, 34S, EV 60.6 MPH)
|
| Top of the 5th over - 1 run, 2 hits, 0 errors, 1 left on base; Lowell 4 - Tri-City 2 |
| BOTTOM OF THE 5TH |
|
Tri-City ValleyCats batting - Pitching for Lowell Spinners : RHP Jon Olivo
|
|
Batting: RHB Evan Fry
|
0-0: Fly out, F8 (Flyball, 78M, EV 91.2 MPH)
|
|
Batting: RHB Ruben Pujols
|
0-0: Ball 1-0: Ball 2-0: Ball 3-0: Called Strike 3-1: Base on Balls
|
|
Batting: LHB Kyle Moore
|
0-0: Called Strike Balk! Ruben Pujols to second 0-1: DOUBLE (Groundball, 3L, EV 100.0 MPH) Ruben Pujols scores
|
|
Batting: RHB Rob Baker
|
0-0: Called Strike Kyle Moore steals 3rd base 0-1: Ball 1-1: Ball 2-1: Swinging Strike 2-2: Strikes out swinging
|
|
Batting: SHB Paskar Adegoke
|
0-0: Called Strike 0-1: Called Strike 0-2: Ground out 6-3 (Groundball, 4M, EV 77.5 MPH)
|
| Bottom of the 5th over - 1 run, 1 hit, 0 errors, 1 left on base; Lowell 4 - Tri-City 3 |
| TOP OF THE 6TH |
|
Lowell Spinners batting - Pitching for Tri-City ValleyCats : RHP Jon Davis
|
|
Batting: RHB Nick Ameen
|
0-0: Ground out 5-3 (Groundball, 56S, EV 74.4 MPH)
|
|
Batting: SHB Jared Snyder
|
0-0: Swinging Strike 0-1: Swinging Strike 0-2: Ball 1-2: Fly out, F8 (Flyball, 78D, EV 102.5 MPH)
|
|
Batting: RHB Larry Brocato
|
0-0: Called Strike 0-1: Ball 1-1: Called Strike 1-2: Foul Ball, location: 2F 1-2: Ball 2-2: Ball 3-2: Base on Balls
|
|
Batting: RHB Billy Ratz
|
0-0: Ball 1-0: Ball Larry Brocato steals 2nd base 2-0: Ball 3-0: Base on Balls
|
|
Batting: LHB Sergio Tinoco
|
0-0: Called Strike 0-1: Ball 1-1: Ball 2-1: SINGLE (Flyball, 78S, EV 98.8 MPH) Larry Brocato to third Billy Ratz to second Runner from 3rd tries for Home, throw by CF and OUT! 8-2
|
| Top of the 6th over - 0 runs, 1 hit, 0 errors, 2 left on base; Lowell 4 - Tri-City 3 |
| BOTTOM OF THE 6TH |
|
Tri-City ValleyCats batting - Pitching for Lowell Spinners : RHP Jon Olivo
|
|
Batting: LHB Vinny Siebecker
|
0-0: Called Strike 0-1: Ball 1-1: Called Strike 1-2: SINGLE (Groundball, 34D, EV 100.6 MPH)
|
|
Batting: RHB Jordan Williams
|
0-0: Fielders Choice at 2nd, 5-4 (Groundball, 56, EV 98.1 MPH)
|
|
Pitching: RHP Michel van Kampen
|
|
|
Batting: RHB Ramon Castellon
|
0-0: Ball 1-0: DOUBLE (Line Drive, 3D, EV 103.8 MPH) Jordan Williams to third
|
|
Batting: LHB Jon Pope
|
0-0: Ball 1-0: Called Strike 1-1: Ground out 1-3 (Groundball, 34S, EV 65.6 MPH)
|
|
Batting: RHB Evan Fry
|
0-0: Ball 1-0: Fly out, F8 (Flyball, 8LM, EV 75.0 MPH)
|
| Bottom of the 6th over - 0 runs, 2 hits, 0 errors, 2 left on base; Lowell 4 - Tri-City 3 |
| TOP OF THE 7TH |
|
Lowell Spinners batting - Pitching for Tri-City ValleyCats : RHP Jon Davis
|
|
Pitching: RHP Justin Coney
|
|
|
Batting: LHB Nelis Geurts
|
0-0: Hit by Pitch
|
|
Batting: RHB William Lung
|
0-0: Ball 1-0: Ball 2-0: Ball 3-0: Base on Balls Nelis Geurts to second
|
|
Batting: RHB Josh Helman
|
0-0: Called Strike 0-1: Ball 1-1: Swinging Strike 1-2: Strikes out swinging
|
|
Batting: RHB Bobby Schimke
|
0-0: Ball Nelis Geurts steals 3rd base 1-0: Foul Ball, location: 2F 1-1: Foul Ball, location: 2F 1-2: Ball 2-2: DOUBLE (Line Drive, 7LD, EV 109.4 MPH) Nelis Geurts scores William Lung to third
|
|
Batting: RHB Nick Ameen
|
0-0: Ground out 5-3 (Groundball, 56S, EV 78.1 MPH) William Lung scores
|
|
Batting: SHB Jared Snyder
|
0-0: Ball 1-0: Ball 2-0: Swinging Strike 2-1: Swinging Strike 2-2: Foul Ball, location: 2F 2-2: Strikes out looking
|
| Top of the 7th over - 2 runs, 1 hit, 0 errors, 1 left on base; Lowell 6 - Tri-City 3 |
| BOTTOM OF THE 7TH |
|
Tri-City ValleyCats batting - Pitching for Lowell Spinners : RHP Michel van Kampen
|
|
Batting: RHB Ruben Pujols
|
0-0: SINGLE (Flyball, 4D, EV 96.2 MPH)
|
|
Batting: LHB Kyle Moore
|
0-0: Foul Ball, location: 2F 0-1: Ball 1-1: Foul Ball, location: 2F 1-2: Strikes out swinging
|
|
Batting: RHB Rob Baker
|
0-0: SINGLE (Groundball, 34, EV 109.4 MPH) Ruben Pujols to second
|
|
Batting: SHB Paskar Adegoke
|
0-0: Ball Wild Pitch! Ruben Pujols to third Rob Baker to second 1-0: Ground out 4-3 (Groundball, 13, EV 80.0 MPH) Ruben Pujols scores Rob Baker to third
|
|
Batting: LHB Vinny Siebecker
|
0-0: Called Strike 0-1: Called Strike 0-2: DOUBLE (Line Drive, 78D, EV 105.6 MPH) Rob Baker scores
|
|
Batting: RHB Jordan Williams
|
0-0: Called Strike 0-1: Ball 1-1: Ball 2-1: Ball 3-1: Foul Ball, location: 2F 3-2: Strikes out swinging
|
| Bottom of the 7th over - 2 runs, 3 hits, 0 errors, 1 left on base; Lowell 6 - Tri-City 5 |
| TOP OF THE 8TH |
|
Lowell Spinners batting - Pitching for Tri-City ValleyCats : RHP Justin Coney
|
|
Batting: RHB Larry Brocato
|
0-0: Ball 1-0: Foul Ball, location: 2F 1-1: Called Strike 1-2: Ball 2-2: Ball 3-2: DOUBLE (Flyball, 8RXD, EV 101.2 MPH)
|
|
Batting: RHB Billy Ratz
|
0-0: Swinging Strike 0-1: Ball 1-1: Swinging Strike 1-2: Ground out U3 (Groundball, 3, EV 106.9 MPH) Larry Brocato to third
|
|
Batting: LHB Sergio Tinoco
|
0-0: Called Strike 0-1: Called Strike 0-2: Fly out, F8 (Line Drive, 8LM, EV 110.0 MPH) Runner from 3rd tags up, SCORES, no throw by CF
|
|
Batting: LHB Nelis Geurts
|
0-0: Ball 1-0: Fly out, F9 (Flyball, 89S, EV 91.2 MPH)
|
| Top of the 8th over - 1 run, 1 hit, 0 errors, 0 left on base; Lowell 7 - Tri-City 5 |
| BOTTOM OF THE 8TH |
|
Tri-City ValleyCats batting - Pitching for Lowell Spinners : RHP Michel van Kampen
|
|
Pitching: RHP Efrain Nunez
|
|
|
Batting: RHB Ramon Castellon
|
0-0: Called Strike 0-1: Swinging Strike 0-2: Foul Ball, location: 2F 0-2: Ball 1-2: Fly out, F8 (Line Drive, 8LD, EV 94.4 MPH)
|
|
Batting: LHB Jon Pope
|
0-0: Foul Ball, location: 2F 0-1: Called Strike 0-2: Ball 1-2: Ball 2-2: Foul Ball, location: 2F 2-2: Strikes out swinging
|
|
Batting: RHB Evan Fry
|
0-0: Foul Ball, location: 2F 0-1: Ground out 6-3 (Groundball, 6M, EV 86.2 MPH)
|
| Bottom of the 8th over - 0 runs, 0 hits, 0 errors, 0 left on base; Lowell 7 - Tri-City 5 |
| TOP OF THE 9TH |
|
Lowell Spinners batting - Pitching for Tri-City ValleyCats : RHP Justin Coney
|
|
Batting: RHB William Lung
|
0-0: Ball 1-0: Called Strike 1-1: Ball 2-1: Ball 3-1: Base on Balls
|
|
Batting: RHB Josh Helman
|
0-0: Foul Ball, location: 2F 0-1: Swinging Strike 0-2: SINGLE (Groundball, 34D, EV 111.2 MPH) William Lung to second Runner from 2nd tries for 3rd, SAFE, throw by RF made to third
|
|
Batting: RHB Bobby Schimke
|
0-0: Ball 1-0: Called Strike 1-1: Ball 2-1: Foul Ball, location: 2F 2-2: Foul Ball, location: 2F 2-2: Ball 3-2: Strikes out swinging
|
|
Batting: RHB Nick Ameen
|
0-0: Foul Ball, location: 2F 0-1: SINGLE (Line Drive, 9S, EV 108.8 MPH) William Lung scores Josh Helman to second
|
|
Batting: SHB Jared Snyder
|
0-0: Ball 1-0: Foul Ball, location: 2F 1-1: Swinging Strike 1-2: Ball 2-2: Fielders Choice at 2nd, 6-4 (Groundball, 6, EV 86.2 MPH) Josh Helman to third
|
|
Batting: RHB Larry Brocato
|
0-0: Called Strike 0-1: Ball 1-1: Called Strike 1-2: Strikes out looking
|
| Top of the 9th over - 1 run, 2 hits, 0 errors, 2 left on base; Lowell 8 - Tri-City 5 |
| BOTTOM OF THE 9TH |
|
Tri-City ValleyCats batting - Pitching for Lowell Spinners : RHP Efrain Nunez
|
|
Pitching: RHP Jim Whiteman
|
|
|
Batting: RHB Ruben Pujols
|
0-0: Ball 1-0: Fly out, F8 (Flyball, 8RS, EV 90.6 MPH)
|
|
Batting: LHB Kyle Moore
|
0-0: Ground out 4-3 (Groundball, 4, EV 102.5 MPH)
|
|
Batting: RHB Rob Baker
|
0-0: Called Strike 0-1: Ball 1-1: Called Strike 1-2: Foul Ball, location: 2F 1-2: Ball 2-2: Ground out 5-3 (Groundball, 5S, EV 81.9 MPH)
|
| Bottom of the 9th over - 0 runs, 0 hits, 0 errors, 0 left on base; Lowell 8 - Tri-City 5 |
|